 Dungeon Crawl Stone Soup version 0.26-a0-631-ged93497179 (webtiles) character file.

Game seed: 11251659313194644224

6758 ANON1729 the Covert (level 11, -2/67 HPs)
             Began as a Kobold Brigand on Sept 13, 2020.
             Was an Elder of Wu Jian.
             Killed from afar by an efreet (31 damage)
             ... with a fireball
             ... on level 9 of the Dungeon.
             The game lasted 00:15:34 (8485 turns).

ANON1729 the Covert (Kobold Brigand)                Turns: 8485, Time: 00:15:35

Health: -2/67      AC:  5    Str:  8    XL:     11   Next: 24%
Magic:  11/11      EV: 21    Int: 19    God:    Wu Jian [****..]
Gold:   740        SH:  0    Dex: 20    Spells: 10/10 levels left

rFire    . . .     SeeInvis .   t - +2 dagger (drain)
rCold    + . .     Faith    .   (shield restricted)
rNeg     . . .     Spirit   .   b - +0 robe
rPois    .         Reflect  .   B - +0 helmet
rElec    .         Harm     .   c - +0 cloak
rCorr    .         Rampage  .   p - +0 pair of gloves
MR       .....                  (no boots)
Stlth    +++++++...             f - amulet of regeneration
HPRegen  0.61/turn              m - ring of protection from cold
MPRegen  0.12/turn              D - +6 ring of intelligence

@: no status effects
A: small, nightstalker 3
a: Wall Jump, Serpent's Lash, Renounce Religion


You were on level 9 of the Dungeon.
You worshipped Wu Jian.
Wu Jian was greatly pleased with you.
You visited 1 branch of the dungeon, and saw 9 of its levels.

You collected 740 gold pieces.

Inventory:

Hand Weapons
 t - a +2 dagger of draining (weapon)
 x - a +3 dagger
 A - the +5 hand axe "Varer" {chaos, *Drain rC+ Str+9}
   (You found it on level 5 of the Dungeon)

   Each time it hits an enemy it has a different, random effect.
   It affects your strength (+9).
   It protects you from cold.
   It causes draining when unequipped.
Missiles
 d - 14 poisoned darts (quivered)
 e - 2 curare-tipped darts
Armour
 b - a +0 robe (worn)
 c - a +0 cloak (worn)
 p - a +0 pair of gloves (worn)
 B - a +0 helmet (worn)
Jewellery
 f - an amulet of regeneration (around neck)
 m - a ring of protection from cold (left hand)
 o - an uncursed amulet of guardian spirit
 C - an uncursed ring of fire
 D - a +6 ring of intelligence (right hand)
Wands
 y - a wand of paralysis (4)
 z - a wand of flame (1)
 N - a wand of iceblast (7)
Scrolls
 g - 3 scrolls of fear
 h - a scroll of remove curse
 j - a scroll of blinking
 k - 3 scrolls of immolation
 n - 4 scrolls of teleportation
 q - 3 scrolls of amnesia
 s - 3 scrolls of fog
 u - 6 scrolls of magic mapping
 w - 4 scrolls of random uselessness
 E - a scroll of noise {unknown}
 H - a scroll of enchant armour {unknown}
 M - 4 scrolls of identify
Potions
 a - a potion of invisibility {unknown}
 i - 3 potions of mutation
 l - 3 potions of flight
 r - 4 potions of curing
 v - 2 potions of haste {unknown}
 F - 3 potions of lignification {unknown}
 G - 3 potions of resistance {unknown}
 I - a potion of heal wounds {unknown}
 J - a potion of ambrosia {unknown}
 K - a potion of magic {unknown}
 L - 2 potions of might
 O - a potion of degeneration {unknown}


   Skills:
 + Level 7.2 Fighting
 * Level 11.7 Short Blades
 + Level 7.1 Throwing
 + Level 7.5 Dodging
 * Level 13.1 Stealth


You had 10 spell levels left.
You didn't know any spells.
Your spell library contained the following spells:

 Spells                   Type           Power        Failure   Level
 Summon Small Mammal      Summ           #...         21%         1
 Call Imp                 Summ           #.......     30%         2
 Call Canine Familiar     Summ           #.......     52%         3
 Summon Guardian Golem    Hex/Summ       #.......     52%         3
 Summon Ice Beast         Ice/Summ       #.......     90%         4
 Summon Lightning Spire   Summ/Air       #.......     90%         4
 Bolt of Magma            Conj/Fire/Erth #.........   99%         5
 Iskenderun's Battlesphe  Conj           #.......     99%         5
 Iron Shot                Conj/Erth      #.........   100%        6
 Orb of Destruction       Conj           #.........   100%        7
 Spellforged Servitor     Conj/Summ      #.........   100%        7


Dungeon Overview and Level Annotations

Branches:
Dungeon (9/15)             Temple (0/1) D:7
   Lair: D:8-11         Orc: D:9-12

Altars:
Cheibriados
Gozag
Makhleb
Okawaru
Qazlal
Ru
Uskayaw
Vehumet
Wu Jian
Zin

Shops:
D:6 *   D:7 *

Annotations:
D:6 Shaidar's ghost, amateur HOMo
D:9 exclusions: door and 1 more exclusion


Innate Abilities, Weirdness & Mutations

You are small and have problems with some larger weapons.
You are completely attuned to the shadows.


Message History

The efreet completely misses you.
You hit the efreet but do no damage.
The efreet is severely wounded.
You hit the efreet but do no damage.
The efreet is severely wounded.
You hit the efreet.
The efreet is severely wounded.
The efreet hits you with a +0 scimitar of flaming!
The efreet burns you.
You see here 18 arrows.
Evoke which item? (* to show all) (? for menu, Esc to quit)
Aiming: Iceblast
Press: ? - help, Shift-Dir - straight line, f/p - efreet
Aim: an efreet, wielding a +0 scimitar of flaming and wearing the ring of Temperance {rC+ SInv} (heavily wounded)
The mass of ice explodes!
The iceblast engulfs the efreet.
The efreet is severely wounded.
You feel less exhausted. The efreet gestures at you.
The fireball explodes!
The fireball engulfs you!!
You die...

.##.'#..##.##..#u.#..#'..........
.##.#.##.)#..##.#.###.#..........
.##.#.##..#..##.#.....#......
.##.##..##.##..####+####.... .##.
#. #. .###.....###.. # .# .#
.###.#####.## ## ## ..#
.##R°°##.####+###. # ##.#
##.###○##.#8.8.8#. # #..# #@##
##c#.#.8.8.#. #####..+ ##.#
.#.'8.8)8'. .......# ##.##
°#)#.8†8.#. .#####.# #.##
##.#8.8.8#. .# ##..# ##.##
##.####'###. ####..##
##.#####)###..#..## †##..## #. .#
##...).###..###..# .##.## #.#.#
#####'####(.## ##.. .##.#
#.#.#.#.#..#..#..## #.#.


You could see an efreet.

Vanquished Creatures
  An ogre mage (D:9)
  A two-headed ogre (D:9)
  An ugly thing (D:9)
  Joseph (D:9)
  A troll (D:9)
  A hornet (D:8)
  A vampire (D:8)
  A yak (D:9)
  Grum (D:8)
  An orc warrior (D:9)
  2 sky beasts (D:6)
  A black bear (D:6)
  2 phantoms (D:4)
  2 ogres
  A necrophage (D:9)
  5 centaurs
  4 wolves (D:8)
  4 bullfrogs
  3 scorpions
  9 wights
  4 killer bees (D:7)
  A howler monkey (D:6)
  A crimson imp (D:4)
  A centaur zombie (D:7)
  A bullfrog zombie (D:5)
  2 orc priests
  4 bullfrog skeletons
  2 centaur skeletons
  6 hounds
  A jelly (D:7)
  A quasit (D:7)
  4 orc wizards
  Natasha (D:2)
  2 iguanas
  9 worker ants
  2 hound zombies
  A hound skeleton (D:7)
  Robin (D:3)
  A howler monkey zombie (D:9)
  A howler monkey skeleton (D:4)
  5 gnolls
  8 adders
  4 shadow imps
  A white imp (D:8)
  2 ufetubi
  An ooze (D:1)
  5 worms
  2 adder skeletons (D:4)
  2 dart slugs
  9 leopard geckos
  21 orcs
  A ball python (D:3)
  13 bats
  8 giant cockroaches
  14 goblins
  12 hobgoblins
  9 jackals
  2 quokkas
  4 frilled lizards
  12 kobolds
  A leopard gecko skeleton (D:7)
  8 rats
233 creatures vanquished.

Vanquished Creatures (others)
  An adder skeleton (D:9)
1 creature vanquished.

Grand Total: 234 creatures vanquished

Notes
Turn   | Place    | Note
-------+----------+-------------------------------------------
     0 | D:1      | ANON1729 the Kobold Brigand began the quest for the Orb.
     0 | D:1      | Reached XP level 1. HP: 12/12 MP: 1/1
   175 | D:1      | Reached XP level 2. HP: 17/17 MP: 2/2
   498 | D:1      | Reached XP level 3. HP: 22/22 MP: 3/3
  1226 | D:2      | Reached skill level 6 in Stealth
  1238 | D:2      | Reached XP level 4. HP: 27/27 MP: 4/4
  1576 | D:2      | Noticed Natasha
  1580 | D:2      | Killed Natasha
  1701 | D:2      | Found a faded altar of an unknown god.
  1837 | D:2      | Found an ornate altar of the Wu Jian Council.
  1877 | D:2      | Became a worshipper of the Wu Jian Council
  1971 | D:2      | Reached XP level 5. HP: 31/31 MP: 5/5
  2660 | D:3      | Reached * piety under Wu Jian
  2667 | D:3      | Reached XP level 6. HP: 22/36 MP: 6/6
  2754 | D:3      | Reached skill level 5 in Short Blades
  2754 | D:3      | Reached skill level 7 in Stealth
  2977 | D:3      | Noticed Robin
  2981 | D:3      | Killed Robin
  3337 | D:4      | Reached XP level 7. HP: 34/41 MP: 7/7
  3598 | D:4      | Reached ** piety under Wu Jian
  3672 | D:4      | Reached skill level 8 in Stealth
  3720 | D:4      | Found a burning altar of Makhleb.
  3720 | D:4      | Found a radiant altar of Vehumet.
  3854 | D:4      | Reached XP level 8. HP: 40/48 MP: 8/8
  4118 | D:5      | Entered Level 5 of the Dungeon
  4348 | D:5      | Got a transparent hand axe
  4920 | D:6      | Reached skill level 9 in Stealth
  5022 | D:6      | Found Zin's Purification Station.
  5024 | D:6      | Found a glowing silver altar of Zin.
  5060 | D:6      | Reached XP level 9. HP: 52/52 MP: 9/9
  5193 | D:6      | Reached skill level 5 in Dodging
  5738 | D:6      | Got a twisted ring mail
  5765 | D:6      | Identified the cursed +1 ring mail "Mofiobb" {Harm} (You
                  | found it on level 6 of the Dungeon)
  5765 | D:6      | Identified the +5 hand axe "Varer" {chaos, *Drain rC+
                  | Str+9} (You found it on level 5 of the Dungeon)
  5916 | D:7      | Reached skill level 10 in Stealth
  5958 | D:7      | Reached skill level 5 in Fighting
  5958 | D:7      | Reached skill level 5 in Throwing
  5996 | D:7      | Found a staircase to the Ecumenical Temple.
  6124 | D:7      | Reached *** piety under Wu Jian
  6331 | D:7      | Found Viohe's Elemental Accessories.
  6483 | D:7      | Found an opulent altar of Gozag.
  6525 | D:7      | Found a runed translucent door.
  6578 | D:7      | Noticed Shaidar's ghost (amateur HOMo)
  6871 | D:7      | Found an iron altar of Okawaru.
  6874 | D:7      | Found a faded altar of an unknown god.
  6875 | D:7      | Found a faded altar of an unknown god.
  6876 | D:7      | Found a sacrificial altar of Ru.
  6881 | D:7      | Found a snail-covered altar of Cheibriados.
  6950 | D:8      | Noticed Grum
  6951 | D:8      | Reached skill level 11 in Stealth
  6970 | D:8      | Killed Grum
  6970 | D:8      | Reached XP level 10. HP: 60/60 MP: 10/10
  7042 | D:8      | Reached skill level 10 in Short Blades
  7494 | D:9      | Noticed a cyclops
  7587 | D:9      | Found a stormy altar of Qazlal.
  7599 | D:9      | Found a hide-covered altar of Uskayaw.
  7656 | D:9      | Reached **** piety under Wu Jian
  7779 | D:9      | Reached skill level 12 in Stealth
  7895 | D:9      | Noticed an ogre mage
  7898 | D:9      | Killed an ogre mage
  7898 | D:9      | Noticed a purple ugly thing
  7900 | D:9      | Killed a purple ugly thing
  7900 | D:9      | Noticed a two-headed ogre
  7901 | D:9      | Killed a two-headed ogre
  7901 | D:9      | Reached XP level 11. HP: 66/66 MP: 11/11
  8073 | D:9      | Noticed Joseph
  8140 | D:9      | Killed Joseph
  8285 | D:9      | Noticed a green ugly thing
  8292 | D:9      | Reached skill level 13 in Stealth
  8360 | D:9      | Noticed a four-headed hydra
  8465 | D:9      | Identified the ring of Temperance {rC+ SInv}
  8485 | D:9      | Killed from afar by an efreet

Illustrated notes

Levels and vault maps discovered:
D:1:      moated_graveyard_arrival, layout_basic, wad_floor_pattern_1,
          corexii_hall_statues_i
D:2:      layout_basic, lemuel_crystal_altar, chequers_ecumenical_altar_twisty,
          minmay_pentomino_x4, uniq_natasha
D:3:      layout_loops_ring, minmay_unequal, uniq_robin
D:4:      kb_forest_paths, layout_loops_ring,
          grunt_temple_overflow_lords_of_destruction
D:5:      layout_loops_ring
D:6:      layout_loops_ring, zin_purify
D:7:      layout_loops_ring, chequers_temple_overflow_minitemple,
          nicolae_gozag_cash_rules_everything_around_me, temple_green,
          ebering_ghost_reflecting_pool, nicolae_elemental_shop
D:8:      layout_rooms, fountainhead, uniq_grum
D:9:      minmay_the_grid_octo_tiled_octocenter [minmay_the_grid_octo_empty,
          minmay_the_grid_octo_fat_diamond, minmay_the_grid_octo_teeth,
          minmay_the_grid_octo_checkerflower,
          minmay_the_grid_octo_prize_single_spiral,
          minmay_the_grid_square_5x5_checkered_statues,
          minmay_the_grid_square_5x5_moneybag,
          minmay_the_grid_square_5x5_almost_minimal,
          minmay_the_grid_square_5x5_longway], layout_basic,
          amethyst_overflow_temple_binary, grunt_tough_drop, uniq_joseph

Skill      XL: |  1  2  3  4  5  6  7  8  9 10 11 |
---------------+----------------------------------+-----
Short Blades   | 3 4 5 6 7 9 11 | 11.7
Stealth        | 6 7 8 9 11 12 13 | 13.1
Dodging        | 2 3 4 5 7 |  7.5
Fighting       | 3 4 5 6 7 |  7.2
Throwing       | 3 4 5 6 7 |  7.1

Action                   |  1- 3 |  4- 6 |  7- 9 | 10-12 || total
-------------------------+-------+-------+-------+-------++-------
Melee: Dagger            |   108 |   231 |   282 |   171 ||   792
Throw: Dart              |     3 |     6 |       |       ||     9
Invok: Lunge             |       |    20 |    43 |    19 ||    82
       Whirlwind         |       |     2 |       |       ||     2
       Serpent's Lash    |       |       |       |     2 ||     2
Evoke: Wand              |       |       |     2 |     9 ||    11
  Use: Scroll            |       |       |    15 |     3 ||    18
 Stab: Sleeping          |    13 |    28 |    60 |    29 ||   130
       Distracted        |       |       |     3 |     2 ||     5
       Paralysed         |       |       |     2 |       ||     2
Armor: Robe              |    33 |    26 |    17 |     7 ||    83
Dodge: Dodged            |    83 |   160 |   112 |    80 ||   435

Table legend: (Time is in decaauts)
 A = Elapsed time spent in this place.
 B = Non-inter-level travel time spent in this place.
 C = Inter-level travel time spent in this place.
 D = Time resting spent in this place.
 E = Time spent auto-exploring this place.
 F = Levels seen in this place.
 G = Mean time per level.
                   A        B        C        D        E       F      G
               +--------+--------+--------+--------+--------+-----+--------+
         Total |   8263 |   7910 |    353 |   1001 |   5435 |   9 |  918.1 |
       Dungeon |   8263 |   7910 |    353 |   1001 |   5435 |   9 |  918.1 |
               +--------+--------+--------+--------+--------+-----+--------+

Top non-repeatable levels by time:
     D:2: 1133 daAuts
     D:1: 1082 daAuts
     D:6: 1024 daAuts
     D:9: 996 daAuts
     D:4: 943 daAuts
     D:7: 928 daAuts
     D:3: 883 daAuts
     D:5: 800 daAuts
     D:8: 469 daAuts
